Map: Romanticide LE

Players

PartinG - Winner!

  • Race: Protoss Protoss

HeroMarine

  • Race: Terran Terran

Event: DreamHack SC2 Masters 2021 Fall

VOD

Have the link to the VOD?

Description

Time

  • Played on: Sept. 7, 2021, 11:07 a.m.
  • Length: 6:37

All games in this series

Show
View Real Time Build Order
Export as new Build Order

PartinG Protoss - Winner!

Build Orders: 1 Gate Expand, Blink Stalkers 

Get SALT Encoding   

  12  0:00  Probe  
  13  0:12  Probe  
  14  0:17  Pylon  
  14  0:24  Probe (Chrono Boost)  
  15  0:36  Gateway  
  15  0:37  Probe (Chrono Boost)  
  16  0:43  Probe (Chrono Boost)  
  16  0:45  Assimilator  
  17  0:51  Probe  
  18  1:03  Probe  
  19  1:15  Probe  
  20  1:23  Cybernetics Core  
  20  1:31  Nexus  
  20  1:34  Probe  
  21  1:40  Pylon  
  21  1:46  Assimilator  
  21  1:49  Probe  
  22  1:56  Adept (Chrono Boost)  
  24  2:02  Shield Battery  
  24  2:05  Warp Gate (Chrono Boost), Probe  
  25  2:17  Adept (Chrono Boost)  
  25  2:18  Probe  
  28  2:27  Pylon  
  28  2:30  Probe  
  29  2:39  Gateway  
  29  2:47  Gateway  
  29  2:53  Adept  
  29  2:56  Probe  
  31  2:59  Probe  
  32  3:08  Probe  
  32  3:11  Probe  
  34  3:16  Twilight Council  
  34  3:21  Probe  
  34  3:23  Probe  
  36  3:37  Probe x2  
  38  3:41  Adept x3  
  38  3:47  Blink (Chrono Boost)  
  44  3:49  Probe x2  
  46  4:02  Robotics Facility  
  47  4:05  Stalker x2  
  50  4:10  Stalker  
  52  4:18  Probe x2  
  52  4:23  Pylon  
  50  4:40  Stalker x2  
  50  4:42  Probe  
  50  4:43  Probe  
  56  4:49  Stalker  
  53  4:53  Observer  
  53  4:54  Assimilator  
  53  4:56  Assimilator  
  53  4:58  Probe x2  
  55  5:04  Stalker  
  57  5:09  Stalker  
  57  5:13  Nexus  
  57  5:15  Stalker  
  55  5:29  Stalker  
  55  5:33  Stalker  
  55  5:35  Warp Prism (Chrono Boost)  
  59  5:41  Pylon  
  61  5:45  Pylon  
  61  5:46  Probe  
  62  5:50  Pylon  
  62  5:52  Stalker  
  62  5:55  Shield Battery  
  62  5:58  Forge  
  62  5:59  Probe x2  
  64  6:09  Observer, Gateway  
  64  6:10  Stalker  
  66  6:17  Stalker  
  64  6:22  Stalker  
Show
View Real Time Build Order
Export as new Build Order

HeroMarine Terran 

Build Orders: Reaper Expand 

Get SALT Encoding   

  12  0:00  SCV  
  13  0:12  SCV  
  14  0:17  Supply Depot  
  14  0:24  SCV  
  15  0:38  SCV  
  15  0:40  Barracks  
  16  0:43  Refinery  
  16  0:50  SCV  
  17  1:02  SCV  
  18  1:14  SCV  
  19  1:27  Reaper, Orbital Command  
  20  1:43  Command Center  
  20  1:51  Supply Depot  
  20  1:54  SCV  
  20  1:58  Marine  
  22  2:06  SCV  
  23  2:09  Factory  
  23  2:18  Bunker  
  23  2:20  SCV  
  23  2:21  Barracks Reactor  
  24  2:30  Refinery  
  24  2:32  SCV  
  25  2:44  SCV  
  26  2:56  SCV, Orbital Command  
  29  2:58  Hellion  
  29  2:59  Starport  
  29  3:01  Marine  
  29  3:04  Marine  
  31  3:08  SCV  
  32  3:18  Marine  
  33  3:20  Factory Tech Lab, SCV  
  33  3:22  Marine  
  33  3:25  SCV  
  37  3:36  Marine  
  37  3:37  Supply Depot  
  37  3:40  Marine, Siege Tank  
  41  3:42  SCV  
  41  3:43  SCV  
  43  3:49  Starport Tech Lab  
  43  3:54  Marine, SCV  
  43  3:55  SCV  
  46  3:59  Marine  
  47  4:03  Supply Depot  
  46  4:13  Siege Tank  
  46  4:15  SCV x2  
  51  4:18  Marine  
  51  4:19  Marine  
  53  4:27  Banshee, SCV x2  
  56  4:36  Marine x2  
  55  4:40  SCV x2  
  55  4:45  Siege Tank  
  59  4:52  SCV  
  58  4:54  Marine  
  58  4:58  Marine  
  60  5:07  SCV x2  
  62  5:12  Marine  
  60  5:17  Siege Tank  
  60  5:19  SCV x2  
  56  5:29  Marine  
  56  5:30  Marine  
  56  5:31  SCV x2  
  51  5:43  SCV x2  
  51  5:44  Raven  
  51  5:47  Marine  
  51  5:48  Marine  
  54  5:55  SCV x2  
  54  5:57  Barracks  
  56  6:05  Marine, Barracks  
  56  6:07  SCV  
  56  6:09  SCV  
  57  6:17  Marine  
  53  6:19  SCV  
  53  6:21  SCV  

Tags
 
Add a new tag
Caveats
  • Supply blocks, unpowered buildings, or Contaminate may cause inaccurate times.
  • Supply counts are checked every 10 seconds.